 Dungeon Crawl Stone Soup version 0.22.1-2-g9c5b331383 (webtiles) character file.

46 Flure the Magician (level 3, 0/16 HPs)
             Began as a Spriggan Earth Elementalist on Dec 10, 2018.
             Killed by nerve-wracking pain
             ... invoked by Jessica
              (16 damage)
             ... on level 2 of the Dungeon.
             The game lasted 00:05:54 (1118 turns).

Flure the Magician (Spriggan Earth Elementalist)    Turns: 1118, Time: 00:05:56

Health: 0/16       AC:  4    Str:  4    XL:     3   Next: 44%
Magic:  8/9        EV: 19    Int: 17    God:
Gold:   103        SH:  0    Dex: 19    Spells: 6/9 levels left

rFire    . . .     SeeInvis +   e - +0 dagger
rCold    . . .     Gourm    .   (shield restricted)
rNeg     . . .     Faith    .   c - +0 robe
rPois    .         Spirit   .   (helmet restricted)
rElec    .         Reflect  .   l - +1 cloak
rCorr    .         Harm     +   (gloves unavailable)
MR       .....                  (boots unavailable)
Stlth    +++.......             m - amulet of harm
HPRegen  0.05/turn              (no ring)
MPRegen  0.11/turn              n - +3 ring of dexterity

@: very quick
A: very small, unfitting armour, see invisible, herbivore, speed 3, slow
metabolism 2
a: no special abilities


You were on level 2 of the Dungeon.
You were not hungry.

You visited 1 branch of the dungeon, and saw 2 of its levels.

You collected 103 gold pieces.

Inventory:

Hand Weapons
 e - a +0 dagger (weapon)
 i - a +0 dagger
Missiles
 b - 31 stones (quivered)
Armour
 c - a +0 robe (worn)
 l - a +1 cloak (worn)
Jewellery
 f - an uncursed ring of attention
 g - an uncursed amulet of magic regeneration
 m - an amulet of harm (around neck)
 n - a +3 ring of dexterity (right hand)
Scrolls
 a - 2 scrolls of identify
 k - a scroll of enchant weapon
Potions
 h - a potion of degeneration {unknown}
 j - 2 potions of flight {unknown}
Comestibles
 d - 6 rations


   Skills:
 + Level 0.2 Fighting
 + Level 0.1 Short Blades
 - Level 3.2 Dodging
 + Level 3.1 Stealth
 + Level 3.5 Spellcasting
 + Level 1.8 Transmutations
 + Level 3.3 Earth Magic


You had 6 spell levels left.
You knew the following spells:

 Your Spells              Type           Power        Failure   Level  Hunger
a - Sandblast             Erth           ##....       4%          1    None
b - Passwall              Tmut/Erth      ##......     9%          2    ##.....

Your spell library contained the following spells:

 Spells                   Type           Power        Failure   Level  Hunger
 Stone Arrow              Conj/Erth      #.....       26%         3    ###....
 Petrify                  Tmut/Erth      ##......     50%         4    ####...
 Lee's Rapid Deconstruct  Erth           ##........   75%         5    ######.


Dungeon Overview and Level Annotations

Branches:
Dungeon (2/15)

Altars:
Elyvilon
Ru

Annotations:
D:2 Jessica, Terence


Innate Abilities, Weirdness & Mutations

You are very small and have problems with some larger weapons.
You are too small for most types of armour.
You have supernaturally acute eyesight. (SInv)
You are a herbivore.
You cover ground extremely quickly.
You need to consume almost no food.


Message History

The hobgoblin is too close now for your liking.
You see here a ration.
d - 6 rations (gained 1)
The hobgoblin shouts!
Casting: Passwall (safe; 9% risk of failure)
Confirm with . or Enter, or press ? or * to list all spells.
Aiming: Sandblast (safe; 4% risk of failure)
Press: ? - help, Shift-Dir - straight line, f - hobgoblin
Aim: a hobgoblin The blast of sand hits the hobgoblin.
You kill the hobgoblin!
b - 31 stones
Found a stone staircase leading up.
Jessica the Apprentice Sorceress comes into view.
She is wielding a club.
Jessica shouts!
Jessica mumbles something strange.
Jessica points at you and mumbles some strange words.
Pain shoots through your body!
Ouch! That really hurt!
You die...

.................####
##.#.##
#.####....#.........#
.#.## ..#
###....###...#....
.#..#
#.#######.#.####..#####
##..
........#.#..........
##
#.###...#...####......
#.# #.>......###.##...#
#+###......#.....###...
+......#######@.<#.##
###....# #.#.# #.).##
... .. #..## ..... ...
.......# .....?. ...
#......# .@....... ..
.......# #.......... .
######## #..........#


You could see Jessica.

Vanquished Creatures
  A dart slug (D:1)
  2 giant cockroaches (D:1)
  8 hobgoblins
  4 jackals (D:1)
  3 kobolds
  A quokka (D:2)
  6 bats
  2 frilled lizards (D:1)
  6 goblins
  6 rats
39 creatures vanquished.

Notes
Turn   | Place    | Note
-------+----------+-------------------------------------------
     0 | D:1      | Flure the Spriggan Earth Elementalist began the quest for
                  | the Orb.
     0 | D:1      | Reached XP level 1. HP: 9/9 MP: 5/5
   377 | D:1      | Reached XP level 2. HP: 10/13 MP: 4/7
   381 | D:1      | Learned a level 2 spell: Passwall
   801 | D:2      | Reached XP level 3. HP: 15/16 MP: 1/8
   890 | D:2      | Noticed Terence
  1066 | D:2      | Found a white marble altar of Elyvilon.
  1072 | D:2      | Found a sacrificial altar of Ru.
  1118 | D:2      | Noticed Jessica
  1118 | D:2      | Killed from afar by Jessica

Skill      XL: |  1 |
---------------+----+-----
Earth Magic    | 3 |  3.3
Spellcasting   | 3 |  3.5
Fighting       | |  0.2
Short Blades   | |  0.1
Dodging        | |  3.2
Stealth        | |  3.1
Transmutations | |  1.8

Action                   || total
-------------------------++-------
Melee: Dagger            ||   104
 Cast: Sandblast         ||    31
       Passwall          ||     3
  Use: Scroll            ||     2
 Stab: Sleeping          ||     5
Armor: Robe              ||    18
Dodge: Dodged            ||   107
